 Dungeon Crawl Stone Soup version 0.17-a0-49-g906d5d2 (webtiles) character file.

22926 Sixotanaka the Unseen (level 13, -2/67 HPs)
             Began as a Kobold Assassin on Mar 5, 2015.
             Was a High Priest of Dithmenos.
             Engulfed by a cloud of freezing vapour (14 damage)
             ... in an ice cave on Mar 8, 2015.
             The game lasted 00:55:45 (19637 turns).

Sixotanaka the Unseen (Kobold Assassin)            Turns: 19637, Time: 00:55:45

Health: -2/67      AC: 14    Str: 13    XL:     13   Next: 31%
Magic:  30/30      EV: 34    Int: 13    God:    Dithmenos [*****.]
Gold:   1149       SH:  0    Dex: 34    Spells: 0 memorised, 12 levels left

rFire  . . .     SeeInvis .     c - +0 rapier
rCold  + . .     Clarity  .     d - +2 leather armour "Unueguoh" {MP+9}
rNeg   . . .     SustAb   .     (no shield)
rPois  +         Gourm    .     q - +0 helmet
rElec  +         Spirit   .     H - +2 cloak {rPois}
rCorr  +         Warding  .     F - +2 pair of gloves "Zocraicang" {rElec rF- Str+4}
rMut   .         Stasis   .     C - +0 pair of boots of Smeoth {Int+4 Dex+5}
MR     +....                    (no amulet)
Stlth  ++++++++++               V - ring of stealth
                                l - +6 ring of dexterity

@: resistant, wreathed by umbra, somewhat resistant to hostile enchantments,
uncannily stealthy
A: rugged brown scales 1, carnivore 3, magic resistance 1
a: Shadow Step, Shadow Form, Renounce Religion


You were in an ice cave.
You worshipped Dithmenos.
Dithmenos was extremely pleased with you.
You were completely stuffed.

You visited 3 branches of the dungeon, and saw 18 of its levels.
You also visited: Labyrinth, Ossuary and Ice Cave.

You collected 1149 gold pieces.


Innate Abilities, Weirdness & Mutations

You are small and have problems with some larger weapons.
You are carnivorous and can eat meat at any time.
You are partially covered in rugged brown scales (AC +1, +3% HP).
You are resistant to hostile enchantments.


   Skills:
 - Level 2.1 Fighting
 - Level 7.2 Short Blades
 - Level 2.6 Throwing
 + Level 14.9 Dodging
 - Level 20.3 Stealth
 - Level 5.0 Invocations


You had 12 spell levels left.
You didn't know any spells.

Dungeon Overview and Level Annotations

Branches:
Dungeon (10/15)            Temple (1/1) D:4            Lair (7/8) D:10
 Shoals (0/5) Lair:6       Spider (0/5) Lair:6        Slime (0/6) Lair:7
    Orc: D:9-12

Altars:
Ashenzari
Cheibriados
Dithmenos
Elyvilon
Fedhas
Gozag
Kikubaaqudgha
Makhleb
Nemelex Xobeh
Okawaru
Qazlal
Ru
Sif Muna
Trog
Vehumet
Xom
Yredelemnul
Zin
The Shining One
Jiyva

Shops:
D:7 (

Annotations:
D:4 Guenter's ghost, average DsGl

Inventory:

Hand weapons
 a - a +2 dagger
 b - a +0 blowgun
 c - a +0 rapier (weapon)
 G - a +1 dagger of freezing
   (You took it off a goblin on level 6 of the Dungeon)
Missiles
 e - 38 poisoned needles
 f - 2 curare-tipped needles
 y - a throwing net (quivered)
 S - 6 needles of slowing
 W - 6 tomahawks of returning
Armour
 d - the +2 leather armour "Unueguoh" (worn) {MP+9}
   (You found it in a labyrinth)

   It affects your magic capacity (+9).
 q - a +0 helmet (worn)
 C - the +0 pair of boots of Smeoth (worn) {Int+4 Dex+5}
   (You found it on level 10 of the Dungeon)

   It affects your intelligence (+4).
   It affects your dexterity (+5).
 F - the +2 pair of gloves "Zocraicang" (worn) {rElec rF- Str+4}
   (You found it on level 5 of the Dungeon)

   It affects your strength (+4).
   It makes you vulnerable to fire.
   It insulates you from electricity.
 H - a +2 cloak of poison resistance (worn)
   (You found it on level 2 of the Lair of Beasts)
 Y - a +0 leather armour of fire resistance
   (You found it on level 8 of the Dungeon)
Jewellery
 l - a +6 ring of dexterity (left hand)
 w - a cursed ring of protection from magic
 V - a ring of stealth (right hand)
Magical devices
 i - a wand of teleportation (3) {@v4}
 n - a wand of confusion (28)
 p - a wand of teleportation (3) {@v4}
 u - a wand of enslavement (12)
 v - a wand of digging (12)
Scrolls
 h - 7 scrolls of recharging
 m - a scroll of magic mapping
 r - 3 scrolls of blinking
 A - 5 scrolls of remove curse {@r2}
 I - 2 scrolls of holy word {unknown}
 K - 3 scrolls of enchant weapon {unknown}
 P - 3 scrolls of fear {unknown}
 R - 2 scrolls of noise {unknown}
 U - 5 scrolls of teleportation {@r4}
Potions
 j - 3 potions of resistance
 k - 3 potions of restore abilities
 s - 6 potions of curing {@q1}
 z - 3 potions of brilliance
 B - a potion of haste {unknown}
 D - a potion of heal wounds {@q2}
 E - 3 potions of might
 J - 2 potions of cancellation
 M - a potion of magic {unknown}
 N - 4 potions of flight
 O - a potion of cure mutation {unknown}
 Q - a potion of poison {unknown}
 Z - a potion of lignification {unknown}
Books
 x - a book of Beasts
 T - a book of the Warp
Comestibles
 g - 2 meat rations
 o - 6 beef jerkies
 t - 10 royal jellies
 L - 3 slices of pizza
 X - 3 chunks of flesh

##.#...###
###.[...#.§##
.∩##..####§§#
.####..###.§# ..#
#..##§§§##
.####...##.§§## ###
####...####§§§# #..#
##...####.#.#####...#
#...## #[#§##§@.#
...## ##§§§§#### .###
###### ##


There were no monsters in sight!


Message History

The wolf completely misses you.
You closely miss the wolf. The wolf completely misses you.
The wolf completely misses you.
You closely miss the wolf. The wolf completely misses you.
You closely miss the wolf. The wolf misses you. The wolf barely misses you.
You hit the wolf. The wolf bites you.
You hit the wolf!
Your shadow barely misses the wolf.
The wolf completely misses you.
You hit the wolf.
You kill the wolf!
Dithmenos accepts your kill.
No target in view!
No target in view!
No target in view!
No target in view!
No target in view!
No target in view!
No target in view!
No target in view!
No target in view!
No target in view!
No target in view!
You see here a wolf corpse.
You butcher the wolf corpse.
X - a chunk of flesh You see here a wolf corpse.
You butcher the wolf corpse.
X - 4 chunks of flesh (gained 3)
You see here a wolf skeleton.
Things that are here:
a yak corpse; a polar bear corpse Eat one of 4 chunks of flesh? (ye/n/q/i?) This raw flesh tastes great.
You continue eating. x2
Found a leather armour.
Found a spiked plate armour.
You are engulfed in freezing vapours.
You are engulfed in freezing vapours.
Really walk into that cloud of freezing vapour? [Y]es or [N]o only, please.
Really walk into that cloud of freezing vapour?
Okay, then.
What do you say? t - Shout!
Orders for allies: a - Attack new target. r - Retreat! s - Stop attacking. w - Wait here. f - Follow me.
Anything else - Stay silent.
Okay, then.
Unknown command.
You are engulfed in freezing vapours.
You emit a cloud of dark smoke.
You are engulfed in freezing vapours.
* * * LOW HITPOINT WARNING * * *
You see here a spiked plate armour.
You start resting.
You are engulfed in freezing vapours.
* * * LOW HITPOINT WARNING * * *
You are engulfed in freezing vapours.
* * * LOW HITPOINT WARNING * * *
You are engulfed in freezing vapours.
* * * LOW HITPOINT WARNING * * *
Drink which item? (? for menu, Esc to quit)
You feel much better.
You are engulfed in freezing vapours.
* * * LOW HITPOINT WARNING * * *
Drink which item? (? for menu, Esc to quit)
You feel protected.
You are engulfed in freezing vapours.
You resist.
* * * LOW HITPOINT WARNING * * *
You are engulfed in freezing vapours.
You resist.
You die...

Action                   |  1- 3 |  4- 6 |  7- 9 | 10-12 | 13-15 || total
-------------------------+-------+-------+-------+-------+-------++-------
Melee: Dagger            |    56 |   271 |   514 |   720 |     6 ||  1567
       Rapier            |       |       |    23 |   250 |   116 ||   389
 Fire: Blowgun           |       |     9 |       |     7 |       ||    16
Throw: Tomahawk          |       |    14 |     8 |     1 |       ||    23
       Throwing net      |       |       |       |       |     1 ||     1
Evoke: Wand              |       |       |       |    21 |     3 ||    24
  Use: Scroll            |       |       |    13 |    11 |     3 ||    27
       Potion            |       |       |       |     5 |     4 ||     9
 Stab: Sleeping          |     5 |    13 |    38 |    90 |    11 ||   157
       Distracted        |       |     1 |     4 |    13 |     2 ||    20
       Paralysed         |       |       |       |     6 |       ||     6
       Held in net/web   |       |       |       |       |     1 ||     1
  Eat: Chunk             |     8 |    11 |    17 |    25 |     7 ||    68

Vault maps used:
D:1:      mrwooster_arrival_arrow
D:2:      uniq_jessica
D:3:      gammafunk_temple_overflow_pools
D:4:      cheibrodos_ashenzari_chains, minmay_temple_entry_hall,
          portal_sewer_entry_e
D:5:      nicolae_ossuary_entry_catacombs, first_bread
D:6:      tso_oasis_becter, uniq_eustachio
D:7:      grunt_temple_overflow_open, serial_shops, nicolae_shop_behind_doors
D:8:      xom_butterflies, fedhas_altar_2, kennysheep_mini,
          hangedman_pestilent_swarm
D:9:      nicolae_gozag_seed_capital, lemuel_mausoleum_altar_kikubaaqudgha,
          uniq_psyche
D:10:     erik_rubicon_a, erik_lair_orcish_takeover
Temple:   jpeg_temple_alley_garden_8
Lair:1:   beast_lair_carwin_large_2, roderic_batcave, lemuel_old_faithful,
          serial_bayou_shore_b, serial_bayou_shore_a, grunt_megastairs_4,
          infiniplex_staircase_pool
Lair:3:   st_stairs_7, grunt_megastairs_3, lemuel_fruit_tree,
          serial_bayou_shore_b
Lair:4:   columned_hall_lemuel, hangedman_lair_unloving_vines,
          serial_bayou_pond_e, eino_small_chamber_without_monster,
          beast_lair_carwin_8
Lair:5:   minmay_swamp_entry_wisps, lab_entry_generic, serial_bayou_lake_a
Lair:6:   minmay_shoals_entry_lonely_mermaid, nicolae_spider_entry_orb_guardian
Lair:7:   slime_altar_1, portal_ice_cave_entry_pillars_02, lemuel_centaur_altar
Lab:      labyrinth_watery, nicolae_lab_stuck, nicolae_lab_do_over, lab_fountain
Ossuary:  ossuary_tomb_1
IceCv:    ice_cave_caverns_03

Notes
Turn   | Place    | Note
--------------------------------------------------------------
     0 | D:1      | Sixotanaka, the Kobold Assassin, began the quest for the Orb.
     0 | D:1      | Reached XP level 1. HP: 12/12 MP: 1/1
   243 | D:1      | Reached skill level 3 in Short Blades
   346 | D:1      | Reached XP level 2. HP: 17/17 MP: 2/2
   702 | D:2      | Noticed Jessica
   740 | D:2      | Killed Jessica
   740 | D:2      | Reached skill level 4 in Short Blades
   740 | D:2      | Reached skill level 6 in Stealth
   740 | D:2      | Reached XP level 3. HP: 14/21 MP: 3/3
  1070 | D:2      | Reached XP level 4. HP: 26/26 MP: 4/4
  2081 | D:3      | Reached skill level 5 in Short Blades
  2081 | D:3      | Reached XP level 5. HP: 26/30 MP: 5/5
  2202 | D:3      | HP: 7/30 [crimson imp (4)]
  2205 | D:3      | Reached skill level 7 in Stealth
  2607 | D:3      | Found a radiant altar of Vehumet.
  2608 | D:3      | Found a sparkling altar of Nemelex Xobeh.
  3557 | D:4      | Found a staircase to the Ecumenical Temple.
  3563 | Temple   | Entered the Ecumenical Temple
  3606 | Temple   | Became a worshipper of Dithmenos the Shadowed
  3736 | D:4      | Reached XP level 6. HP: 32/35 MP: 6/6
  3846 | D:4      | Found a shattered altar of Ashenzari.
  3847 | D:4      | Noticed a phantom
  3880 | D:4      | Killed a phantom
  3880 | D:4      | Reached skill level 6 in Short Blades
  3880 | D:4      | Reached skill level 8 in Stealth
  4034 | D:4      | Noticed Guenter's ghost (average DsGl)
  4364 | D:4      | Noticed an ogre
  4393 | D:4      | Killed an ogre
  4393 | D:4      | Reached skill level 7 in Short Blades
  4393 | D:4      | Reached XP level 7. HP: 35/40 MP: 7/7
  4880 | D:5      | Entered Level 5 of the Dungeon
  4881 | D:5      | Upgraded the game from 0.17-a0-18-gc25b939 to 0.17-a0-28-g87cc296
  4936 | D:5      | Upgraded the game from 0.17-a0-28-g87cc296 to 0.17-a0-49-g906d5d2
  4981 | D:5      | Reached skill level 9 in Stealth
  5187 | D:5      | Reached skill level 10 in Stealth
  5279 | D:5      | Reached XP level 8. HP: 18/44 MP: 8/8
  5301 | D:5      | Reached skill level 11 in Stealth
  5313 | D:5      | HP: 10/44 [elf zombie (5)]
  5476 | D:5      | Found a sand-covered staircase.
  5481 | Ossuary  | Entered an ossuary
  5808 | Ossuary  | Acquired Dithmenos' first power
  5840 | Ossuary  | Reached skill level 2 in Dodging
  6221 | Ossuary  | Reached skill level 3 in Dodging
  6242 | Ossuary  | Reached skill level 12 in Stealth
  6433 | D:5      | Reached skill level 4 in Dodging
  6601 | D:5      | Got a pair of shimmering gloves
  6602 | D:5      | Identified the +2 pair of gloves "Zocraicang" {rElec rF- Str+4} (You found it on level 5 of the Dungeon)
  6624 | D:5      | HP: 10/44 [gnoll/spear (11)]
  7060 | D:5      | Reached XP level 9. HP: 48/48 MP: 9/9
  7238 | D:5      | Reached skill level 5 in Dodging
  7704 | D:6      | Noticed Eustachio
  7766 | D:6      | Reached skill level 13 in Stealth
  7839 | D:6      | Killed Eustachio
  7839 | D:6      | Reached skill level 6 in Dodging
  8100 | D:6      | Found a glowing golden altar of the Shining One.
  8309 | D:7      | Acquired Dithmenos' second power
  8317 | D:7      | Found an iron altar of Okawaru.
  8322 | D:7      | Found a sacrificial altar of Ru.
  8360 | D:7      | Reached skill level 7 in Dodging
  8378 | D:7      | Found Leacvibi's Antique Weapon Emporium.
  9192 | D:8      | Reached skill level 14 in Stealth
  9436 | D:8      | Reached skill level 8 in Dodging
  9436 | D:8      | Reached XP level 10. HP: 53/53 MP: 10/10
  9450 | D:8      | Found a shimmering altar of Xom.
  9481 | D:8      | Reached skill level 1 in Invocations
  9728 | D:8      | Reached skill level 2 in Invocations
  9776 | D:8      | Found a basalt altar of Yredelemnul.
  9848 | D:8      | Reached skill level 3 in Invocations
  9903 | D:8      | Found a blossoming altar of Fedhas.
 10338 | D:9      | Noticed a gargoyle
 10341 | D:9      | Reached skill level 15 in Stealth
 10341 | D:9      | Reached skill level 4 in Invocations
 10621 | D:9      | Found an opulent altar of Gozag.
 10750 | D:9      | Reached skill level 5 in Invocations
 10766 | D:9      | Found an ancient bone altar of Kikubaaqudgha.
 10782 | D:9      | Acquired Dithmenos' third power
 11055 | D:9      | Noticed Psyche
 11067 | D:9      | Killed Psyche
 11067 | D:9      | Reached skill level 16 in Stealth
 11112 | D:9      | Killed a gargoyle
 11506 | D:10     | Entered Level 10 of the Dungeon
 11540 | D:10     | Reached XP level 11. HP: 57/57 MP: 19/19
 12023 | D:10     | Reached skill level 17 in Stealth
 12281 | D:10     | Found a staircase to the Lair.
 12388 | D:10     | Got a pair of polished boots
 12399 | D:10     | Identified the +0 pair of boots of Smeoth {Int+4 Dex+5} (You found it on level 10 of the Dungeon)
 12719 | D:10     | Reached skill level 18 in Stealth
 13081 | Lair:1   | Entered Level 1 of the Lair of Beasts
 13384 | Lair:1   | Acquired Dithmenos' fourth power
 13875 | Lair:1   | Reached skill level 19 in Stealth
 15082 | Lair:2   | Reached skill level 20 in Stealth
 15247 | Lair:3   | Noticed an eight-headed hydra
 15249 | Lair:3   | Killed an eight-headed hydra
 15249 | Lair:3   | Reached XP level 12. HP: 62/62 MP: 20/20
 15341 | Lair:3   | Gained mutation: You are resistant to hostile enchantments. [potion of beneficial mutation]
 15342 | Lair:3   | Gained mutation: You are partially covered in rugged brown scales (AC +1, +3% HP). [potion of beneficial mutation]
 15504 | Lair:3   | Reached skill level 9 in Dodging
 15664 | Lair:3   | HP: 11/63 [blink frog (17)]
 15679 | Lair:3   | HP: 11/63 [blink frog (2)]
 15699 | Lair:3   | Reached skill level 10 in Dodging
 16401 | Lair:4   | Noticed a seven-headed hydra
 16406 | Lair:4   | Killed a seven-headed hydra
 16406 | Lair:4   | Reached skill level 11 in Dodging
 16513 | Lair:4   | HP: 9/63 [wyvern (18)]
 16518 | Lair:4   | Reached skill level 12 in Dodging
 16662 | Lair:4   | Noticed an eight-headed hydra
 16703 | Lair:4   | HP: 11/63 [eight-headed hydra (13)]
 16704 | Lair:4   | HP: 4/63 [eight-headed hydra (7)]
 16711 | Lair:4   | HP: 3/63 [eight-headed hydra (2)]
 17625 | Lair:5   | Reached skill level 13 in Dodging
 17629 | Lair:5   | Found a staircase to the Swamp.
 17651 | Lair:5   | Reached XP level 13. HP: 52/67 MP: 21/21
 17843 | Lair:5   | Found a labyrinth entrance.
 17852 | Lab      | Entered a labyrinth
 17939 | Lab      | Noticed a minotaur
 17958 | Lab      | Killed a minotaur
 17967 | Lab      | Got a twisted leather armour
 17978 | Lab      | Identified the +2 leather armour "Unueguoh" {MP+9} (You found it in a labyrinth)
 18580 | Lair:6   | Reached skill level 14 in Dodging
 19018 | Lair:6   | Found a staircase to the Shoals.
 19085 | Lair:6   | Found a hole to the Spider Nest.
 19313 | Lair:7   | Found a viscous altar of Jiyva.
 19313 | Lair:7   | Found a staircase to the Slime Pits.
 19528 | Lair:7   | Found a frozen archway.
 19532 | IceCv    | Entered an ice cave
 19634 | IceCv    | HP: 3/67 [something (18)]
 19637 | IceCv    | Engulfed by a cloud of freezing vapour

Vanquished Creatures
  A minotaur (Lab)
  2 hydras
  A griffon (Lair:4)
  An orb spider (Lair:6)
  5 spiny frogs
  A siren (Lair:6)
  A gargoyle (D:9)
  Psyche (D:9)
  A fire drake (Lair:2)
  7 komodo dragons
  5 polar bears
  A two-headed ogre (D:10)
  5 blink frogs (Lair:3)
  3 wyverns
  8 hippogriffs
  A hungry ghost (D:9)
  Eustachio (D:6)
  13 yaks
  A wraith (D:9)
  A warg (D:10)
  2 wolves (IceCv)
  4 insubstantial wisps (Lair:5)
  14 water moccasins
  3 ice beasts (D:5)
  7 porcupines
  A necrophage (D:9)
  4 black bears (Lair:1)
  A spider (D:8)
  4 ogres
  An orc warrior (D:10)
  2 centaurs
  2 sky beasts
  3 wasps
  4 phantoms
  8 crocodiles
  A boring beetle (D:8)
  A big kobold (D:10)
  7 giant frogs
  5 elf zombies
  3 elf skeletons
  2 scorpions
  4 killer bees
  3 vampire bats (Lair:1)
  3 wights (D:8)
  6 lava snakes (D:10)
  2 goliath beetles
  3 crimson imps
  6 hounds
  3 electric eels
  2 jellies (D:10)
  2 centaur zombies
  A giant frog skeleton (D:9)
  5 human zombies
  3 orc wizards
  2 orc priests (D:4)
  2 centaur skeletons (D:10)
  2 giant frog zombies
  A human skeleton (D:9)
  A gnoll shaman (D:10)
  A quasit (D:5)
  4 iguanas
  7 worker ants
  12 sheep
  2 ogre zombies (D:9)
  2 big kobold zombies (Ossuary)
  Jessica (D:2)
  A hound zombie (D:7)
  2 mummies (Ossuary)
  11 gnolls
  24 adders
  23 river rats
  A shadow imp (D:9)
  6 giant mites
  4 worms
  4 adder skeletons
  3 giant geckos
  An ooze (D:6)
  10 orcs
  A bat skeleton (D:7)
  6 giant cockroaches
  13 goblins
  12 hobgoblins
  A ball python (D:4)
  13 bats
  7 giant newts
  A giant spore (D:6)
  2 goblin zombies (Ossuary)
  12 hobgoblin zombies (Ossuary)
  16 jackals
  A jackal zombie (Ossuary)
  17 kobolds
  8 kobold zombies (Ossuary)
  10 orc zombies
  13 quokkas
  2 quokka skeletons
  A quokka zombie (D:6)
  18 rats
  A rat zombie (Ossuary)
  A plant (Lair:1)
465 creatures vanquished.

Vanquished Creatures (others)
  A wolf (IceCv)
  3 fungi
4 creatures vanquished.

Grand Total: 469 creatures vanquished
